 Dungeon Crawl Stone Soup version 0.21.1-1-g345015fe64 (webtiles) character file.

95 Henning the Skirmisher (level 4, -14/37 HPs)
             Began as a Demonspawn Abyssal Knight on June 16, 2018.
             Was a Believer of Lugonu.
             Demolished by an ogre
             ... wielding a +0 giant spiked club
              (17 damage)
             ... on level 3 of the Dungeon.
             The game lasted 00:03:19 (1431 turns).

Henning the Skirmisher (Demonspawn Abyssal Knight)  Turns: 1431, Time: 00:03:20

Health: -14/37     AC:  3    Str: 13    XL:     4   Next: 40%
Magic:  0/6        EV: 11    Int: 18    God:    Lugonu [**....]
Gold:   136        SH:  0    Dex: 12    Spells: 3/3 levels left

rFire    . . .     SeeInvis .   a - +1 falchion
rCold    . . .     Gourm    +   (no shield)
rNeg     . . .     Faith    .   b - +0 leather armour
rPois    .         Spirit   +   (no helmet)
rElec    .         Reflect  .   (no cloak)
rCorr    .         Harm     .   (no gloves)
MR       .....                  (no boots)
Stlth    +.........             n - amulet of the gourmand
HPRegen  0.12/turn              o - +4 ring of intelligence
MPRegen  0.10/turn              (no ring)

@: no status effects
A: claws 2, magic shield
a: Depart the Abyss, Bend Space, Renounce Religion


You were on level 3 of the Dungeon.
You worshipped Lugonu.
Lugonu was pleased with you.
You were not hungry.

You visited 1 branch of the dungeon, and saw 3 of its levels.
You visited the Abyss 1 time.

You collected 136 gold pieces.

Inventory:

Hand Weapons
 a - a +1 falchion (weapon)
Armour
 b - a +0 leather armour (worn)
Jewellery
 n - an amulet of the gourmand (around neck)
 o - a +4 ring of intelligence (left claw)
Scrolls
 g - a scroll of blinking {unknown}
 h - 4 scrolls of identify {unknown}
 i - 3 scrolls of teleportation {unknown}
 j - a scroll of fear {unknown}
 k - a scroll of enchant armour {unknown}
 l - a scroll of random uselessness {unknown}
 m - a scroll of fog {unknown}
 r - a scroll of amnesia {unknown}
Potions
 d - a potion of might {unknown}
 e - a potion of lignification {unknown}
 f - a potion of curing {unknown}
 p - a potion of brilliance {unknown}
 q - a potion of berserk rage {unknown}
Comestibles
 c - 7 rations


   Skills:
 + Level 3.7 Fighting
 + Level 2.4 Long Blades
 + Level 2.4 Armour
 + Level 1.6 Dodging
 + Level 3.3 Invocations


You had 3 spell levels left.
You didn't know any spells.

Dungeon Overview and Level Annotations

Branches:
Dungeon (3/15)

Altars:
Qazlal


Innate Abilities, Weirdness & Mutations

You have very sharp fingernails.
When hurt, damage is shared between your health and your magic reserves.


Message History

You hit the orc.
The orc is severely wounded.
The orc hits you.
* * * LOW HITPOINT WARNING * * *
The kobold barely misses you.
The orc hits you from afar with a trident.
* * * LOW HITPOINT WARNING * * *
The ogre closely misses you.
You riposte.
You slash the ogre!
The ogre is moderately wounded.
An orc comes into view.
The orc barely misses you.
You riposte.
You slash the orc!
You kill the orc!
Lugonu accepts your kill.
The orc moves out of view.
The kobold barely misses you.
The orc hits you from afar with a trident.
* * * LOW HITPOINT WARNING * * *
There is a stone staircase leading up, spattered with blood here.
The kobold hits you but does no damage. The orc closely misses you.
The ogre hits you with a giant spiked club!!
You die...

8## ...#
.8###
#...
.##.#...
_#....
#... #
..##.#.#
##K.ro..#
#@O#
#.#†#
#<.#.oo
#.####oo#
#.


oo# #. ... . .... # ... You could see an ogre, an orc wizard, 6 orcs, a kobold
and a rat.

Vanquished Creatures
  Terence (D:2)
  A gnoll (D:1)
  An adder (D:2)
  2 dart slugs
  2 leopard geckos (D:1)
  An orc (D:3)
  7 hobgoblins
  3 kobolds
  A ball python (D:2)
  3 bats
  7 goblins
  19 rats
48 creatures vanquished.

Notes
Turn   | Place    | Note
-------+----------+-------------------------------------------
     0 | Abyss:1  | Henning the Demonspawn Abyssal Knight began the quest for the Orb.
     0 | Abyss:1  | Reached XP level 1. HP: 18/18 MP: 2/2
     8 | D:1      | Escaped the Abyss
    56 | D:1      | Reached skill level 1 in Dodging
    56 | D:1      | Gained mutation: You have sharp fingernails. [demonic ancestry]
    56 | D:1      | Reached XP level 2. HP: 24/24 MP: 3/3
   428 | D:1      | Gained mutation: When hurt, damage is shared between your health and your magic reserves. [demonic ancestry]
   428 | D:1      | Reached XP level 3. HP: 26/29 MP: 5/5
   450 | D:1      | Reached ** piety under Lugonu
  1341 | D:2      | Noticed Terence
  1351 | D:2      | Killed Terence
  1351 | D:2      | Gained mutation: You have very sharp fingernails. [demonic ancestry]
  1351 | D:2      | Reached XP level 4. HP: 30/37 MP: 4/6
  1423 | D:3      | Noticed an ogre
  1428 | D:3      | Found a stormy altar of Qazlal.
  1431 | D:3      | Demolished by an ogre

Skill      XL: |  1  2  3 |
---------------+----------+-----
Dodging        | 1 |  1.6
Armour         | 2 |  2.4
Long Blades    | 2 |  2.4
Invocations    | 3 |  3.3
Fighting       | |  3.7

Action                   |  1- 3 |  4- 6 || total
-------------------------+-------+-------++-------
Melee: Falchion          |   110 |     8 ||   118
  Eat: Chunk             |     4 |       ||     4
Armor: Leather armour    |    33 |     1 ||    34
Dodge: Dodged            |    84 |    19 ||   103
       Rpst.: Falchion   |    31 |     4 ||    35
